AoeStats
← EL LEON

Arabia

510817414Analyzed
2v2 RM · 5h ago on Oct 2, 2026· 39m 43s· 4 players
Game mode
Random Map
Map size
Medium (4 player)
Population
200
Speed
Normal
Resources
Standard
Victory
Conquest
Starting age
Dark Age
Ending age
Imperial Age
RankedLock teamsTeams togetherTeam positionsShared explorationLock speedFull tech treeHidden civsTurbo modeCheats
Victory
Defeat
🇪🇸 Franks · Spain
1076
+16
🇪🇸 Italians · Spain
1060
+17
🇦🇷 Burmese · Argentina
1097
-17
🇩🇪 Bengalis · Germany
1057
-16
theoneandonlybuzzer
7:15 Loom
10:11 Feudal Age
10:57 Town Watch
12:09 Bloodlines
20:50 Castle Age
19:14 Double-Bit Axe
19:40 Padded Archer Armor
20:13 Fletching
20:38 Horse Collar
20:51 Gold Mining
20:51 Stone Mining
22:46 Husbandry
22:09 Light Cavalry
24:01 Leather Archer Armor
25:04 Scale Barding Armor
25:20 Bodkin Arrow
28:57 Gold Shaft Mining
31:02 Chain Barding Armor
30:54 Bow Saw
31:08 Heavy Plow
32:25 Forging
33:28 Wheelbarrow
34:19 Iron Casting
37:00 Imperial Age
35:10 Paiks
36:16 Ballistics
38:15 Conscription
38:41 Hand Cart
37:54 Elite Skirmisher
39:12 Plate Barding Armor
EL LEON
1:17 Loom
11:54 Feudal Age
12:28 Man-at-Arms
26:14 Castle Age
25:31 Horse Collar
27:06 Heavy Plow
28:28 Stone Mining
28:29 Gold Mining
28:36 Pikeman
31:32 Elite Skirmisher
sen10r
9:00 Feudal Age
16:34 Fletching
23:23 Castle Age
22:27 Double-Bit Axe
22:38 Gold Mining
23:02 Stone Mining
24:21 Wheelbarrow
24:37 Bow Saw
24:49 Bodkin Arrow
27:08 Ballistics
33:55 Imperial Age
34:45 Forging
34:00 Cavalier
35:27 Gold Shaft Mining
36:05 Iron Casting
35:39 Husbandry
39:36 Blast Furnace
38:25 Capped Ram
39:29 Paladin
_Krªtos_Gut_
12:13 Feudal Age
11:11 Loom
16:41 Castle Age
14:35 Double-Bit Axe
16:24 Horse Collar
23:14 Bow Saw
24:28 Fletching
26:31 Gold Mining
26:49 Heavy Plow
27:29 Wheelbarrow
29:41 Ballistics
33:10 Imperial Age
30:48 Town Watch
32:37 Hand Cart
32:59 Silk Road
32:02 Light Cavalry
32:52 Bloodlines
32:43 Husbandry
33:44 Bodkin Arrow
33:50 Padded Archer Armor
34:00 Forging
33:56 Scale Barding Armor
35:25 Chemistry
34:20 Murder Holes
35:21 Leather Archer Armor
36:00 Hussar
37:51 Two-Man Saw
37:42 Bracer
38:13 Elite Genoese Crossbowman
Connection lost

Rejoining the realm…

Still unreachable

The connection could not be restored.

Session expired

The server has moved on; the page needs a fresh start.